[ AOE2 MATCH · #486056571 ]
UnrankedItalians vs Incas
[ REPLAY ANALYSIS · EXTRACTED FROM THE RECORDED GAME ]
Feudal
10:22
Castle
18:51
Imperial
—
| APM avg | 54.5 |
| APM peak | 110 |
| eAPM avg | 32.9 |
| Villagers / military | 114 / 9 |
Focus
⚔️ 36.0% · 🌾 64.0%
Fishing Ship ×20 · Unknown (2626) ×11 · Trade Cart ×4 · Fire Galley ×4 · Genoese Crossbowman ×4 · Transport Ship ×1
Feudal
11:35
Castle
15:25
Imperial
30:55
| APM avg | 46.6 |
| APM peak | 73 |
| eAPM avg | 26.2 |
| Villagers / military | 139 / 50 |
Focus
⚔️ 28.5% · 🌾 71.5%
Kamayuk ×21 · Skirmisher ×11 · Fishing Ship ×11 · Monk ×9 · Spearman ×3 · Trade Cart ×3
Feudal
10:56
Castle
15:26
Imperial
—
| APM avg | 45.6 |
| APM peak | 73 |
| eAPM avg | 27.1 |
| Villagers / military | 131 / 46 |
Focus
⚔️ 26.1% · 🌾 73.9%
Unknown (2626) ×37 · Spearman ×22 · Huskarl ×19 · Fishing Ship ×9 · Monk ×2 · Battering Ram ×2
Feudal
11:10
Castle
15:09
Imperial
36:02
| APM avg | 66.9 |
| APM peak | 161 |
| eAPM avg | 39.9 |
| Villagers / military | 156 / 31 |
Focus
⚔️ 50.5% · 🌾 49.5%
Konnik ×23 · Fishing Ship ×7 · Monk ×4 · Battering Ram ×4
Feudal
9:50
Castle
15:51
Imperial
—
| APM avg | 42.8 |
| APM peak | 98 |
| eAPM avg | 26.8 |
| Villagers / military | 112 / 3 |
Focus
⚔️ 35.2% · 🌾 64.8%
Fishing Ship ×20 · Monk ×2 · Unknown (2626) ×1 · Throwing Axeman ×1
Feudal
12:26
Castle
25:46
Imperial
—
| APM avg | 45.6 |
| APM peak | 130 |
| eAPM avg | 25.8 |
| Villagers / military | 161 / 2 |
Focus
⚔️ 16.8% · 🌾 83.2%
Fishing Ship ×7 · Monk ×2
Feudal
11:36
Castle
19:01
Imperial
35:34
| APM avg | 53.6 |
| APM peak | 91 |
| eAPM avg | 29.1 |
| Villagers / military | 135 / 38 |
Focus
⚔️ 22.0% · 🌾 78.0%
Unknown (2626) ×37 · Scout Cavalry ×30 · Fishing Ship ×12 · Boyar ×7 · Trade Cart ×2 · Monk ×1
Feudal
12:18
Castle
16:38
Imperial
32:35
| APM avg | 39.3 |
| APM peak | 62 |
| eAPM avg | 26.1 |
| Villagers / military | 175 / 57 |
Focus
⚔️ 41.0% · 🌾 59.0%
Skirmisher ×57 · Unknown (1949) ×33 · Unknown (1952) ×25 · Fishing Ship ×5 · Unknown (1942) ×3
Match map
Initial resources + every placement click. Lines = walls · curves = elevation contours. ◆ gold · ⬟ stone · ● berries · ✦ relic · ◌ wall gap
Your base· Open — unwalled flank
lllll's base· Open — 14t gap
Tiramis31's base· Open — 8t gap
Zni.Locuss's base· Open — unwalled flank
Oni.JorDan_AoE's base· Open — 4t gap
WackieChan_'s base· Open — 11t gap
ELEOS | wosm's base· Open — 2t gap
Oni.Nego's base· Open — unwalled flank
Smoothed initial terrain · ◌ = detected wall gap · hover for details
Inputs per minute
— Oni.TheViper - - lllll
Build order — Oni.TheViper
First 150 of 247 actions detected
| 0:33 | Build | Town Center |
| 0:42 | Build | House |
| 1:04 | Build | House |
| 1:08 | Build | Lumber Camp |
| 1:54 | Create | Villager (Male) |
| 1:54 | Create | Villager (Male) |
| 1:55 | Create | Villager (Male) |
| 1:59 | Create | Villager (Male) |
| 2:52 | Build | Dock |
| 3:11 | Build | House |
| 3:25 | Research | Loom |
| 3:29 | Create | Fishing Ship |
| 3:56 | Build | Dock |
| 4:08 | Create | Fishing Ship |
| 4:23 | Create | Fishing Ship |
| 4:27 | Create | Villager (Male) |
| 4:45 | Create | Fishing Ship |
| 4:51 | Build | House |
| 4:58 | Create | Villager (Male) |
| 4:58 | Create | Villager (Male) |
| 5:00 | Create | Fishing Ship |
| 5:20 | Create | Fishing Ship |
| 5:29 | Create | Villager (Male) |
| 5:29 | Create | Villager (Male) |
| 5:38 | Build | House |
| 5:47 | Create | Fishing Ship |
| 5:47 | Create | Fishing Ship |
| 5:51 | Create | Villager (Male) |
| 5:51 | Create | Villager (Male) |
| 6:11 | Create | Villager (Male) |
| 6:11 | Create | Villager (Male) |
| 6:15 | Create | Fishing Ship |
| 6:16 | Create | Fishing Ship |
| 6:21 | Create | Villager (Male) |
| 6:22 | Create | Fishing Ship |
| 6:22 | Create | Fishing Ship |
| 6:44 | Create | Fishing Ship |
| 6:44 | Create | Fishing Ship |
| 6:48 | Create | Villager (Male) |
| 6:52 | Build | House |
| 7:03 | Create | Villager (Male) |
| 7:07 | Create | Fishing Ship |
| 7:29 | Create | Fishing Ship |
| 7:37 | Create | Fishing Ship |
| 7:37 | Create | Fishing Ship |
| 8:12 | Research | Feudal Age |
| 8:13 | Research | Feudal Age |
| 8:30 | Create | Fishing Ship |
| 8:30 | Create | Fishing Ship |
| 8:57 | Build | Mining Camp |
| 9:51 | Create | Villager (Male) |
| 10:11 | Build | Lumber Camp |
| 10:14 | Build | House |
| 10:15 | Build | House |
| 10:22 | Age | Feudal Age |
| 10:24 | Create | Fire Galley |
| 10:24 | Create | Fire Galley |
| 10:25 | Research | Double-Bit Axe |
| 10:28 | Research | Town Watch |
| 10:48 | Create | Villager (Male) |
| 10:49 | Create | Villager (Male) |
| 11:03 | Research | Wheelbarrow |
| 11:04 | Create | Villager (Male) |
| 11:24 | Build | House |
| 11:43 | Create | Fire Galley |
| 11:43 | Create | Fire Galley |
| 11:53 | Create | Villager (Male) |
| 12:14 | Build | Town Center |
| 12:21 | Build | Palisade Wall |
| 12:22 | Build | Palisade Wall |
| 12:37 | Build | House |
| 12:39 | Build | House |
| 12:40 | Build | Palisade Wall |
| 12:52 | Create | Unit 2626 |
| 12:52 | Create | Unit 2626 |
| 12:58 | Create | Villager (Male) |
| 13:19 | Create | Villager (Male) |
| 13:34 | Create | Unit 2626 |
| 13:35 | Create | Unit 2626 |
| 13:41 | Create | Villager (Male) |
| 14:08 | Create | Villager (Male) |
| 14:25 | Create | Villager (Male) |
| 14:28 | Build | Mill |
| 14:30 | Build | Blacksmith |
| 14:37 | Create | Unit 2626 |
| 14:37 | Create | Unit 2626 |
| 14:37 | Create | Villager (Male) |
| 14:51 | Create | Unit 2626 |
| 14:52 | Create | Villager (Male) |
| 15:04 | Build | Market |
| 15:32 | Create | Villager (Male) |
| 15:40 | Create | Unit 2626 |
| 15:40 | Create | Unit 2626 |
| 15:56 | Build | Palisade Wall |
| 15:57 | Build | Palisade Wall |
| 15:58 | Build | Palisade Wall |
| 16:11 | Research | Castle Age |
| 16:17 | Build | Lumber Camp |
| 16:51 | Research | Gold Mining |
| 16:53 | Research | Horse Collar |
| 17:18 | Research | Tech 906 |
| 17:18 | Research | Tech 906 |
| 17:51 | Create | Villager (Male) |
| 18:33 | Create | Villager (Male) |
| 18:51 | Age | Castle Age |
| 18:52 | Build | Palisade Gate |
| 19:01 | Research | Bow Saw |
| 19:02 | Create | Villager (Male) |
| 19:03 | Research | War Galley (upgrade) |
| 19:03 | Research | War Galley (upgrade) |
| 19:03 | Research | Gillnets |
| 19:03 | Research | Gillnets |
| 19:09 | Create | Villager (Male) |
| 19:16 | Build | Town Center |
| 19:52 | Create | Villager (Male) |
| 20:10 | Create | Villager (Male) |
| 21:13 | Create | Villager (Male) |
| 21:13 | Create | Villager (Male) |
| 21:21 | Build | Town Center |
| 22:13 | Build | Dock |
| 22:14 | Create | Villager (Male) |
| 22:18 | Create | Unit 2626 |
| 22:18 | Create | Unit 2626 |
| 22:47 | Create | Villager (Male) |
| 22:47 | Create | Villager (Male) |
| 22:52 | Create | Transport Ship |
| 23:16 | Create | Villager (Male) |
| 23:17 | Create | Villager (Male) |
| 23:21 | Create | Villager (Male) |
| 23:21 | Create | Villager (Male) |
| 24:05 | Create | Villager (Male) |
| 24:05 | Create | Villager (Male) |
| 24:06 | Create | Villager (Male) |
| 24:06 | Create | Villager (Male) |
| 24:06 | Create | Villager (Male) |
| 24:34 | Create | Villager (Male) |
| 24:56 | Create | Villager (Male) |
| 24:56 | Create | Villager (Male) |
| 25:05 | Build | Mining Camp |
| 25:35 | Create | Villager (Male) |
| 25:35 | Create | Villager (Male) |
| 26:10 | Create | Villager (Male) |
| 26:10 | Create | Villager (Male) |
| 26:38 | Build | Mill |
| 26:45 | Create | Villager (Male) |
| 26:45 | Create | Villager (Male) |
| 26:46 | Create | Villager (Male) |
| 26:47 | Create | Villager (Male) |
| 27:13 | Create | Villager (Male) |
| 27:16 | Create | Villager (Male) |
Build order — lllll
First 150 of 364 actions detected
| 0:13 | Build | Town Center |
| 0:38 | Build | Settlement |
| 1:58 | Build | House |
| 1:59 | Create | Villager (Male) |
| 1:59 | Create | Villager (Male) |
| 1:59 | Create | Villager (Male) |
| 2:08 | Create | Villager (Male) |
| 2:48 | Build | Dock |
| 3:29 | Create | Villager (Male) |
| 3:36 | Build | Palisade Wall |
| 3:46 | Build | Palisade Wall |
| 3:59 | Build | Palisade Wall |
| 4:03 | Build | Palisade Wall |
| 4:09 | Create | Villager (Male) |
| 4:09 | Create | Villager (Male) |
| 4:09 | Create | Villager (Male) |
| 4:27 | Create | Villager (Male) |
| 4:42 | Create | Villager (Male) |
| 5:05 | Create | Fishing Ship |
| 5:05 | Create | Fishing Ship |
| 5:11 | Create | Villager (Male) |
| 5:51 | Build | Dock |
| 5:57 | Create | Villager (Male) |
| 6:03 | Create | Fishing Ship |
| 6:25 | Create | Villager (Male) |
| 6:30 | Create | Fishing Ship |
| 6:30 | Create | Fishing Ship |
| 6:37 | Create | Villager (Male) |
| 6:42 | Build | House |
| 7:03 | Create | Villager (Male) |
| 7:10 | Build | House |
| 7:15 | Create | Fishing Ship |
| 7:16 | Create | Fishing Ship |
| 7:21 | Create | Villager (Male) |
| 7:50 | Create | Villager (Male) |
| 7:51 | Create | Fishing Ship |
| 8:10 | Create | Fishing Ship |
| 8:10 | Create | Fishing Ship |
| 8:19 | Create | Fishing Ship |
| 8:26 | Build | House |
| 8:35 | Create | Villager (Male) |
| 8:40 | Research | Loom |
| 9:16 | Research | Feudal Age |
| 9:16 | Research | Feudal Age |
| 9:59 | Build | Settlement |
| 10:02 | Create | Villager (Male) |
| 10:15 | Build | Dock |
| 11:34 | Build | House |
| 11:35 | Age | Feudal Age |
| 11:37 | Create | Unit 2626 |
| 11:40 | Create | Unit 2626 |
| 11:40 | Create | Unit 2626 |
| 11:54 | Create | Villager (Male) |
| 11:55 | Build | Market |
| 11:57 | Build | Blacksmith |
| 12:19 | Build | Palisade Wall |
| 12:23 | Build | House |
| 12:24 | Build | Palisade Wall |
| 12:35 | Create | Villager (Male) |
| 12:45 | Research | Castle Age |
| 12:45 | Research | Castle Age |
| 13:14 | Create | Villager (Male) |
| 13:19 | Research | Double-Bit Axe |
| 15:25 | Age | Castle Age |
| 15:26 | Build | Siege Workshop |
| 15:29 | Build | Monastery |
| 15:35 | Build | Town Center |
| 15:37 | Research | Bow Saw |
| 15:40 | Research | Horse Collar |
| 15:40 | Create | Villager (Male) |
| 15:50 | Build | Monastery |
| 16:22 | Create | Villager (Male) |
| 16:25 | Create | Monk |
| 16:34 | Create | Monk |
| 16:37 | Create | Villager (Male) |
| 16:43 | Create | Villager (Male) |
| 16:52 | Create | Mangonel |
| 16:54 | Build | Outpost |
| 16:55 | Research | Town Watch |
| 17:07 | Create | Monk |
| 17:09 | Create | Scorpion |
| 17:23 | Create | Villager (Male) |
| 17:26 | Create | Villager (Male) |
| 17:45 | Create | Villager (Male) |
| 17:50 | Build | Outpost |
| 17:58 | Create | Villager (Male) |
| 18:08 | Build | Town Center |
| 18:16 | Create | Villager (Male) |
| 18:21 | Create | Villager (Male) |
| 18:21 | Create | Mangonel |
| 18:29 | Build | Outpost |
| 18:30 | Create | Villager (Male) |
| 18:31 | Create | Villager (Male) |
| 18:35 | Research | Heavy Plow |
| 18:52 | Create | Villager (Male) |
| 18:54 | Create | Villager (Male) |
| 18:55 | Create | Villager (Male) |
| 19:10 | Create | Monk |
| 19:21 | Create | Villager (Male) |
| 19:24 | Build | Outpost |
| 19:25 | Build | Outpost |
| 19:34 | Create | Scorpion |
| 19:40 | Create | Villager (Male) |
| 20:10 | Create | Villager (Male) |
| 20:13 | Create | Villager (Male) |
| 20:20 | Build | Outpost |
| 20:34 | Create | Villager (Male) |
| 20:36 | Create | Villager (Male) |
| 20:37 | Build | Farm |
| 20:38 | Build | Farm |
| 20:38 | Build | Farm |
| 20:38 | Build | Farm |
| 20:39 | Build | Farm |
| 20:39 | Build | Farm |
| 20:39 | Build | Farm |
| 20:46 | Build | Town Center |
| 20:48 | Build | Farm |
| 20:49 | Build | Farm |
| 20:49 | Build | Farm |
| 20:49 | Build | Farm |
| 20:49 | Build | Farm |
| 20:50 | Build | Farm |
| 20:50 | Build | Farm |
| 20:50 | Build | Farm |
| 20:50 | Build | Farm |
| 20:54 | Create | Villager (Male) |
| 21:05 | Create | Villager (Male) |
| 21:07 | Build | House |
| 21:15 | Create | Villager (Male) |
| 21:16 | Build | Farm |
| 21:19 | Create | Villager (Male) |
| 21:29 | Create | Villager (Male) |
| 21:32 | Create | Monk |
| 21:34 | Create | Villager (Male) |
| 21:47 | Create | Villager (Male) |
| 21:48 | Create | Villager (Male) |
| 21:52 | Build | House |
| 21:55 | Create | Villager (Male) |
| 21:56 | Create | Villager (Male) |
| 21:58 | Create | Villager (Male) |
| 22:08 | Create | Villager (Male) |
| 22:25 | Create | Villager (Male) |
| 22:26 | Create | Villager (Male) |
| 22:29 | Create | Monk |
| 22:32 | Create | Villager (Male) |
| 22:33 | Create | Villager (Male) |
| 22:34 | Create | Villager (Male) |
| 22:41 | Create | Villager (Male) |
| 22:41 | Create | Villager (Male) |
| 22:44 | Research | Sanctity |
Build order — Tiramis31
First 150 of 335 actions detected
| 0:32 | Build | Town Center |
| 1:15 | Build | Dock |
| 1:59 | Build | House |
| 2:00 | Build | House |
| 2:40 | Create | Villager (Male) ×4 |
| 2:40 | Create | Villager (Male) ×4 |
| 3:55 | Create | Fishing Ship |
| 4:12 | Build | House |
| 4:40 | Create | Villager (Male) |
| 4:40 | Create | Villager (Male) |
| 4:41 | Create | Fishing Ship |
| 5:06 | Build | Lumber Camp |
| 5:11 | Create | Villager (Male) |
| 5:12 | Create | Villager (Male) |
| 5:30 | Build | House |
| 5:34 | Create | Villager (Male) |
| 5:35 | Create | Villager (Male) |
| 5:46 | Create | Fishing Ship |
| 5:59 | Create | Villager (Male) |
| 6:00 | Create | Villager (Male) |
| 6:13 | Create | Villager (Male) |
| 6:14 | Create | Villager (Male) |
| 6:18 | Build | House |
| 6:30 | Create | Fishing Ship |
| 6:33 | Create | Villager (Male) |
| 6:33 | Create | Villager (Male) |
| 6:52 | Create | Fishing Ship |
| 7:18 | Create | Villager (Male) |
| 7:29 | Build | Dock |
| 7:37 | Create | Villager (Male) |
| 7:38 | Create | Villager (Male) |
| 7:39 | Create | Villager (Male) |
| 7:54 | Create | Fishing Ship |
| 8:08 | Research | Loom |
| 8:21 | Create | Villager (Male) |
| 8:43 | Research | Feudal Age |
| 8:43 | Research | Feudal Age |
| 8:45 | Create | Fishing Ship |
| 8:46 | Create | Fishing Ship |
| 9:00 | Build | House |
| 9:34 | Build | Mining Camp |
| 9:38 | Build | House |
| 10:26 | Create | Villager (Male) |
| 10:56 | Age | Feudal Age |
| 11:00 | Build | Mill |
| 11:01 | Build | Blacksmith |
| 11:06 | Create | Villager (Male) |
| 11:41 | Create | Villager (Male) |
| 11:58 | Build | Market |
| 12:10 | Create | Villager (Male) |
| 12:24 | Build | Mining Camp |
| 12:46 | Research | Castle Age |
| 12:46 | Research | Castle Age |
| 13:01 | Create | Unit 2626 |
| 13:18 | Create | Unit 2626 |
| 13:18 | Create | Unit 2626 |
| 13:42 | Create | Unit 2626 |
| 13:47 | Build | House |
| 13:47 | Build | House |
| 14:05 | Research | Double-Bit Axe |
| 14:26 | Create | Unit 2626 |
| 14:26 | Create | Unit 2626 |
| 14:28 | Create | Villager (Male) |
| 14:45 | Build | House |
| 15:26 | Age | Castle Age |
| 15:27 | Research | War Galley (upgrade) |
| 15:35 | Create | Villager (Male) |
| 15:47 | Create | Unit 2626 |
| 15:47 | Create | Unit 2626 |
| 15:49 | Create | Villager (Male) |
| 16:09 | Build | Castle |
| 16:11 | Create | Unit 2626 |
| 16:11 | Create | Unit 2626 |
| 16:17 | Build | House |
| 16:25 | Create | Villager (Male) |
| 16:50 | Create | Unit 2626 |
| 16:51 | Create | Unit 2626 |
| 16:53 | Create | Villager (Male) |
| 17:11 | Create | Unit 2626 |
| 17:12 | Research | Bow Saw |
| 17:12 | Create | Villager (Male) |
| 17:37 | Create | Unit 2626 |
| 17:43 | Create | Villager (Male) |
| 17:51 | Build | Mining Camp |
| 18:03 | Create | Huskarl |
| 18:03 | Create | Huskarl |
| 18:12 | Create | Villager (Male) |
| 18:14 | Create | Unit 2626 |
| 18:15 | Create | Unit 2626 |
| 18:40 | Create | Fishing Ship |
| 18:41 | Create | Huskarl |
| 18:43 | Create | Unit 2626 |
| 18:54 | Create | Unit 2626 |
| 18:54 | Create | Unit 2626 |
| 18:55 | Create | Villager (Male) |
| 19:06 | Create | Villager (Male) |
| 19:17 | Create | Unit 2626 |
| 19:17 | Create | Villager (Male) |
| 19:25 | Create | Villager (Male) |
| 19:30 | Build | Lumber Camp |
| 19:38 | Create | Unit 2626 |
| 19:38 | Create | Unit 2626 |
| 19:48 | Research | Scale Mail Armor |
| 20:02 | Create | Huskarl |
| 20:02 | Create | Huskarl |
| 20:21 | Build | Farm |
| 20:22 | Build | Farm |
| 20:30 | Create | Unit 2626 |
| 20:31 | Create | Unit 2626 |
| 20:31 | Create | Villager (Male) |
| 20:49 | Create | Villager (Male) |
| 20:51 | Build | Farm |
| 20:52 | Build | Farm |
| 21:12 | Create | Unit 2626 |
| 21:12 | Create | Unit 2626 |
| 21:12 | Create | Unit 2626 |
| 21:14 | Create | Villager (Male) |
| 21:14 | Create | Villager (Male) |
| 21:26 | Create | Huskarl |
| 21:36 | Create | Huskarl |
| 21:37 | Create | Villager (Male) |
| 21:39 | Build | Farm |
| 21:41 | Build | Farm |
| 21:41 | Build | Farm |
| 21:55 | Create | Unit 2626 |
| 21:55 | Create | Unit 2626 |
| 21:56 | Create | Villager (Male) |
| 22:01 | Create | Villager (Male) |
| 22:19 | Create | Huskarl |
| 22:20 | Create | Villager (Male) |
| 22:25 | Create | Unit 2626 |
| 22:25 | Create | Unit 2626 |
| 22:30 | Create | Unit 2626 |
| 22:45 | Create | Unit 2626 |
| 22:45 | Create | Villager (Male) |
| 22:50 | Create | Huskarl |
| 22:58 | Create | Villager (Male) |
| 23:10 | Create | Villager (Male) |
| 23:10 | Create | Huskarl |
| 23:11 | Create | Villager (Male) |
| 23:25 | Create | Unit 2626 |
| 23:25 | Create | Unit 2626 |
| 23:28 | Create | Unit 2626 |
| 23:29 | Create | Unit 2626 |
| 23:51 | Create | Huskarl |
| 23:52 | Create | Huskarl |
| 23:52 | Create | Huskarl |
| 23:55 | Build | Monastery |
| 24:06 | Create | Villager (Male) |
| 24:08 | Build | Farm |
Build order — Zni.Locuss
First 150 of 378 actions detected
| 0:41 | Build | Town Center |
| 1:08 | Build | House |
| 1:11 | Build | Dock |
| 2:16 | Research | Loom |
| 2:16 | Create | Villager (Male) |
| 2:16 | Create | Villager (Male) |
| 2:23 | Create | Villager (Male) |
| 2:23 | Create | Villager (Male) |
| 2:24 | Create | Villager (Male) |
| 2:43 | Build | House |
| 4:17 | Build | House |
| 4:38 | Create | Villager (Male) |
| 4:38 | Create | Villager (Male) |
| 4:38 | Create | Villager (Male) |
| 4:46 | Create | Fishing Ship |
| 4:46 | Create | Fishing Ship |
| 5:06 | Create | Fishing Ship |
| 5:16 | Create | Villager (Male) |
| 5:40 | Build | House |
| 5:47 | Create | Villager (Male) |
| 5:51 | Create | Fishing Ship |
| 5:53 | Build | House |
| 6:23 | Create | Villager (Male) |
| 6:43 | Create | Villager (Male) |
| 6:54 | Create | Fishing Ship |
| 7:11 | Create | Villager (Male) |
| 7:12 | Create | Villager (Male) |
| 7:21 | Build | Mining Camp |
| 7:31 | Build | Mining Camp |
| 7:36 | Create | Villager (Male) |
| 7:42 | Create | Fishing Ship |
| 7:42 | Create | Fishing Ship |
| 8:24 | Create | Villager (Male) |
| 8:42 | Research | Feudal Age |
| 8:42 | Research | Feudal Age |
| 8:57 | Build | Mining Camp |
| 10:13 | Create | Villager (Male) |
| 10:42 | Build | House |
| 11:10 | Age | Feudal Age |
| 11:15 | Build | Mill |
| 11:18 | Create | Villager (Male) |
| 11:21 | Build | Blacksmith |
| 11:38 | Create | Villager (Male) |
| 11:45 | Build | Market |
| 12:29 | Research | Castle Age |
| 12:29 | Research | Castle Age |
| 12:33 | Build | Lumber Camp |
| 13:15 | Research | Double-Bit Axe |
| 13:28 | Build | Palisade Wall |
| 13:33 | Build | Palisade Wall |
| 13:36 | Build | Palisade Wall |
| 13:52 | Build | House |
| 13:52 | Build | House |
| 14:11 | Create | Villager (Male) |
| 15:09 | Age | Castle Age |
| 15:11 | Build | Krepost |
| 15:15 | Build | Palisade Wall |
| 15:17 | Build | House |
| 15:21 | Research | Fletching |
| 15:21 | Research | Fletching |
| 15:21 | Research | Fletching |
| 15:23 | Create | Villager (Male) |
| 15:24 | Create | Villager (Male) |
| 15:41 | Research | Bodkin Arrow |
| 15:41 | Research | Scale Barding Armor |
| 15:51 | Create | Konnik |
| 15:51 | Create | Konnik |
| 16:03 | Build | Monastery |
| 16:14 | Create | Konnik |
| 16:39 | Create | Monk |
| 16:58 | Build | Lumber Camp |
| 16:59 | Create | Villager (Male) |
| 17:00 | Create | Villager (Male) |
| 17:20 | Create | Villager (Male) |
| 17:49 | Create | Villager (Male) |
| 18:21 | Create | Villager (Male) |
| 18:28 | Create | Konnik |
| 18:29 | Create | Konnik |
| 18:49 | Create | Villager (Male) |
| 18:57 | Build | Town Center |
| 19:35 | Build | Krepost |
| 19:38 | Create | Villager (Male) |
| 19:38 | Create | Villager (Male) |
| 19:45 | Build | Lumber Camp |
| 20:05 | Create | Konnik |
| 20:05 | Create | Konnik |
| 20:25 | Create | Villager (Male) |
| 20:25 | Create | Villager (Male) |
| 20:56 | Create | Villager (Male) |
| 20:57 | Create | Villager (Male) |
| 20:58 | Create | Villager (Male) |
| 21:06 | Create | Villager (Male) |
| 21:08 | Create | Villager (Male) |
| 21:09 | Build | Farm |
| 21:11 | Build | Farm |
| 21:35 | Create | Monk |
| 21:41 | Create | Villager (Male) |
| 21:44 | Create | Villager (Male) |
| 21:48 | Build | Farm |
| 22:10 | Create | Villager (Male) |
| 22:11 | Build | Farm |
| 22:14 | Create | Villager (Male) |
| 22:38 | Create | Villager (Male) |
| 22:39 | Create | Villager (Male) |
| 22:40 | Create | Villager (Male) |
| 22:42 | Build | Farm |
| 22:58 | Create | Villager (Male) |
| 23:01 | Build | Town Center |
| 23:04 | Build | Outpost |
| 23:05 | Build | Outpost |
| 23:05 | Build | Outpost |
| 23:07 | Research | Town Watch |
| 23:07 | Create | Villager (Male) |
| 23:22 | Create | Villager (Male) |
| 23:23 | Build | Farm |
| 23:35 | Build | Outpost |
| 23:35 | Build | Outpost |
| 23:45 | Create | Villager (Male) |
| 23:56 | Create | Villager (Male) |
| 23:56 | Build | Farm |
| 24:00 | Create | Villager (Male) |
| 24:00 | Create | Villager (Male) |
| 24:03 | Build | Mining Camp |
| 24:26 | Create | Villager (Male) |
| 24:28 | Create | Villager (Male) |
| 24:45 | Create | Monk |
| 24:56 | Create | Villager (Male) |
| 24:57 | Create | Villager (Male) |
| 24:58 | Create | Villager (Male) |
| 24:59 | Create | Villager (Male) |
| 25:01 | Build | Farm |
| 25:03 | Build | Farm |
| 25:04 | Build | Farm |
| 25:05 | Create | Villager (Male) |
| 25:11 | Build | Mill |
| 25:12 | Build | Farm |
| 25:12 | Build | Farm |
| 25:12 | Build | Farm |
| 25:12 | Build | Farm |
| 25:13 | Build | Farm |
| 25:13 | Build | Farm |
| 25:13 | Build | Farm |
| 25:13 | Build | Farm |
| 25:13 | Build | Farm |
| 25:14 | Build | Farm |
| 25:22 | Research | Wheelbarrow |
| 25:26 | Create | Villager (Male) |
| 25:59 | Create | Villager (Male) |
| 26:00 | Create | Villager (Male) |
| 26:04 | Create | Villager (Male) |
Build order — Oni.JorDan_AoE
First 150 of 257 actions detected
| 0:09 | Build | Town Center |
| 0:23 | Build | Dock |
| 1:37 | Build | House |
| 1:39 | Build | House |
| 1:57 | Create | Villager (Male) |
| 1:57 | Create | Villager (Male) |
| 2:51 | Create | Villager (Male) |
| 2:51 | Create | Villager (Male) |
| 2:51 | Create | Villager (Male) |
| 2:51 | Create | Villager (Male) |
| 2:55 | Create | Fishing Ship |
| 2:55 | Create | Fishing Ship |
| 2:55 | Create | Fishing Ship |
| 2:55 | Create | Fishing Ship |
| 2:55 | Create | Fishing Ship |
| 3:04 | Build | House |
| 3:06 | Create | Villager (Male) |
| 3:41 | Build | Palisade Wall |
| 3:54 | Build | Palisade Wall |
| 3:58 | Create | Fishing Ship |
| 3:58 | Create | Fishing Ship |
| 3:58 | Create | Fishing Ship |
| 3:58 | Create | Fishing Ship |
| 4:08 | Build | House |
| 4:14 | Create | Villager (Male) |
| 4:45 | Create | Villager (Male) |
| 4:45 | Create | Villager (Male) |
| 4:45 | Create | Villager (Male) |
| 4:45 | Create | Villager (Male) |
| 4:58 | Create | Villager (Male) |
| 5:02 | Create | Fishing Ship |
| 5:02 | Create | Fishing Ship |
| 5:02 | Create | Fishing Ship |
| 5:02 | Create | Fishing Ship |
| 5:02 | Create | Fishing Ship |
| 5:06 | Build | House |
| 5:21 | Create | Villager (Male) |
| 5:21 | Create | Villager (Male) |
| 5:30 | Create | Fishing Ship |
| 5:30 | Create | Fishing Ship |
| 5:30 | Create | Fishing Ship |
| 5:30 | Create | Fishing Ship |
| 5:56 | Create | Fishing Ship |
| 6:10 | Create | Villager (Male) |
| 6:10 | Create | Villager (Male) |
| 6:16 | Create | Villager (Male) |
| 6:27 | Create | Villager (Male) |
| 6:28 | Build | House |
| 6:54 | Build | Lumber Camp |
| 7:06 | Create | Fishing Ship |
| 7:37 | Research | Feudal Age |
| 8:12 | Research | Loom |
| 8:23 | Build | Dock |
| 9:05 | Build | Mining Camp |
| 9:44 | Create | Villager (Male) |
| 9:50 | Age | Feudal Age |
| 9:52 | Create | Unit 2626 |
| 9:54 | Create | Villager (Male) |
| 10:02 | Create | Villager (Male) |
| 10:12 | Build | Mill |
| 10:20 | Research | Town Watch |
| 10:22 | Create | Villager (Male) |
| 10:29 | Build | House |
| 10:34 | Research | Double-Bit Axe |
| 10:44 | Research | Wheelbarrow |
| 10:48 | Build | Market |
| 11:02 | Build | Outpost |
| 11:03 | Build | Outpost |
| 11:22 | Build | Lumber Camp |
| 11:23 | Create | Villager (Male) |
| 12:13 | Build | Blacksmith |
| 13:06 | Create | Villager (Male) |
| 13:11 | Research | Castle Age |
| 13:11 | Research | Castle Age |
| 15:11 | Create | Villager (Male) |
| 15:51 | Age | Castle Age |
| 16:06 | Build | Castle |
| 16:15 | Create | Villager (Male) |
| 16:15 | Create | Villager (Male) |
| 16:15 | Create | Villager (Male) |
| 16:20 | Build | Castle |
| 16:45 | Build | Blacksmith |
| 17:00 | Research | Bow Saw |
| 17:07 | Build | Lumber Camp |
| 17:20 | Build | House |
| 17:31 | Create | Villager (Male) |
| 17:38 | Create | Villager (Male) |
| 17:44 | Create | Villager (Male) |
| 17:56 | Research | Fletching |
| 18:13 | Create | Villager (Male) |
| 18:25 | Build | Farm |
| 18:27 | Build | Farm |
| 18:34 | Create | Villager (Male) |
| 18:52 | Build | House |
| 18:56 | Create | Villager (Male) |
| 19:03 | Build | Palisade Wall |
| 19:03 | Build | Palisade Wall |
| 19:05 | Build | Palisade Wall |
| 19:07 | Create | Villager (Male) |
| 19:18 | Build | Palisade Wall |
| 19:33 | Create | Villager (Male) |
| 20:29 | Build | Town Center |
| 21:46 | Create | Villager (Male) |
| 22:20 | Build | Lumber Camp |
| 22:24 | Build | Palisade Wall |
| 22:45 | Create | Villager (Male) |
| 23:14 | Create | Villager (Male) |
| 23:20 | Create | Villager (Male) |
| 23:43 | Create | Villager (Male) |
| 24:03 | Create | Villager (Male) |
| 24:17 | Build | Siege Workshop |
| 24:37 | Create | Villager (Male) |
| 25:01 | Build | Town Center |
| 25:05 | Create | Villager (Male) |
| 25:34 | Create | Villager (Male) |
| 25:38 | Create | Villager (Male) |
| 25:39 | Build | Farm |
| 25:47 | Build | Monastery |
| 25:52 | Build | Farm |
| 25:54 | Build | Farm |
| 26:00 | Create | Villager (Male) |
| 26:02 | Build | Farm |
| 26:25 | Create | Villager (Male) |
| 26:27 | Build | Farm |
| 26:29 | Build | Farm |
| 26:30 | Create | Monk |
| 26:32 | Build | Farm |
| 26:46 | Create | Villager (Male) |
| 26:58 | Build | Mining Camp |
| 27:07 | Create | Villager (Male) |
| 27:13 | Create | Villager (Male) |
| 27:34 | Create | Villager (Male) |
| 27:36 | Build | Farm |
| 27:47 | Create | Villager (Male) |
| 27:52 | Create | Villager (Male) |
| 27:57 | Build | Farm |
| 27:59 | Build | Farm |
| 28:10 | Create | Villager (Male) |
| 28:10 | Create | Villager (Male) |
| 28:15 | Build | Farm |
| 28:17 | Build | Farm |
| 28:36 | Build | Mining Camp |
| 28:49 | Build | Town Center |
| 28:51 | Build | Palisade Wall |
| 29:15 | Create | Villager (Male) |
| 29:21 | Research | Hand Cart |
| 29:24 | Build | Farm |
| 29:25 | Build | Farm |
| 29:31 | Create | Villager (Male) |
| 30:04 | Create | Villager (Male) |
Build order — WackieChan_
First 150 of 319 actions detected
| 0:25 | Build | Town Center |
| 1:14 | Build | Dock |
| 2:25 | Create | Villager (Male) |
| 2:26 | Create | Villager (Male) |
| 2:26 | Create | Villager (Male) |
| 2:26 | Create | Villager (Male) |
| 2:26 | Create | Villager (Male) |
| 2:31 | Research | Loom |
| 2:32 | Research | Loom |
| 2:35 | Build | House |
| 2:37 | Build | House |
| 3:00 | Create | Villager (Male) |
| 3:00 | Create | Villager (Male) |
| 3:00 | Create | Villager (Male) |
| 3:01 | Create | Villager (Male) |
| 3:01 | Create | Villager (Male) |
| 3:54 | Create | Villager (Male) |
| 4:13 | Create | Villager (Male) |
| 4:13 | Create | Villager (Male) |
| 4:20 | Create | Fishing Ship |
| 4:27 | Create | Villager (Male) |
| 4:27 | Create | Villager (Male) |
| 4:56 | Build | House |
| 4:57 | Create | Villager (Male) |
| 4:58 | Create | Villager (Male) |
| 4:58 | Create | Villager (Male) |
| 5:23 | Create | Villager (Male) |
| 5:24 | Create | Villager (Male) |
| 5:24 | Create | Villager (Male) |
| 5:38 | Build | House |
| 5:40 | Create | Villager (Male) |
| 5:57 | Create | Villager (Male) |
| 5:57 | Create | Villager (Male) |
| 6:22 | Create | Villager (Male) |
| 6:23 | Create | Villager (Male) |
| 6:33 | Create | Villager (Male) |
| 6:33 | Create | Villager (Male) |
| 6:45 | Build | Lumber Camp |
| 6:48 | Create | Villager (Male) |
| 6:48 | Create | Villager (Male) |
| 6:57 | Build | Outpost |
| 7:11 | Create | Villager (Male) |
| 7:11 | Create | Villager (Male) |
| 7:14 | Create | Villager (Male) |
| 7:18 | Build | Outpost |
| 7:32 | Create | Fishing Ship |
| 7:32 | Create | Fishing Ship |
| 7:43 | Create | Villager (Male) |
| 7:43 | Create | Villager (Male) |
| 8:33 | Build | House |
| 9:02 | Build | Outpost |
| 9:21 | Build | Town Center |
| 10:16 | Research | Feudal Age |
| 10:16 | Research | Feudal Age |
| 10:40 | Create | Villager (Male) |
| 10:40 | Create | Villager (Male) |
| 12:26 | Age | Feudal Age |
| 12:30 | Create | Villager (Male) |
| 12:34 | Build | Mining Camp |
| 12:42 | Create | Villager (Male) |
| 12:42 | Create | Villager (Male) |
| 13:41 | Create | Villager (Male) |
| 13:41 | Create | Villager (Male) |
| 13:41 | Create | Villager (Male) |
| 14:00 | Build | Watch Tower |
| 14:18 | Create | Villager (Male) |
| 14:18 | Create | Villager (Male) |
| 14:21 | Build | Mill |
| 14:25 | Build | House |
| 14:28 | Build | Palisade Wall |
| 14:29 | Build | Palisade Wall |
| 14:36 | Build | Palisade Wall |
| 14:37 | Build | Palisade Wall |
| 14:38 | Build | Palisade Wall |
| 15:28 | Build | Palisade Gate |
| 15:31 | Build | Palisade Wall |
| 15:49 | Build | Palisade Wall |
| 15:54 | Build | Palisade Wall |
| 15:56 | Build | Palisade Wall |
| 16:04 | Build | Palisade Wall |
| 16:07 | Create | Villager (Male) |
| 16:07 | Create | Villager (Male) |
| 16:09 | Create | Villager (Male) |
| 16:09 | Create | Villager (Male) |
| 16:17 | Build | Mill |
| 16:19 | Create | Villager (Male) |
| 16:20 | Create | Villager (Male) |
| 16:28 | Create | Villager (Male) |
| 16:46 | Build | Mill |
| 17:01 | Build | House |
| 17:01 | Build | House |
| 17:53 | Research | Horse Collar |
| 17:53 | Research | Double-Bit Axe |
| 18:20 | Build | House |
| 18:21 | Build | House |
| 18:23 | Build | House |
| 18:23 | Build | House |
| 18:31 | Create | Villager (Male) |
| 18:31 | Create | Villager (Male) |
| 18:32 | Create | Villager (Male) |
| 18:45 | Create | Villager (Male) |
| 18:45 | Create | Villager (Male) |
| 18:45 | Create | Villager (Male) |
| 18:47 | Create | Villager (Male) |
| 18:47 | Create | Villager (Male) |
| 18:49 | Create | Villager (Male) |
| 18:49 | Create | Villager (Male) |
| 18:53 | Build | Farm |
| 18:55 | Build | Farm |
| 18:56 | Build | Farm |
| 18:57 | Build | Farm |
| 19:12 | Create | Villager (Male) |
| 19:12 | Create | Villager (Male) |
| 19:24 | Create | Villager (Male) |
| 19:24 | Create | Villager (Male) |
| 19:32 | Build | Farm |
| 19:32 | Build | Farm |
| 19:33 | Build | Farm |
| 19:34 | Build | Farm |
| 20:35 | Build | Palisade Wall |
| 21:05 | Build | Palisade Wall |
| 21:12 | Create | Villager (Male) |
| 21:16 | Build | Palisade Gate |
| 21:29 | Build | Farm |
| 21:29 | Build | Farm |
| 21:34 | Build | Mining Camp |
| 21:44 | Build | Mining Camp |
| 21:50 | Create | Villager (Male) |
| 21:52 | Build | Market |
| 21:57 | Build | Blacksmith |
| 22:18 | Create | Villager (Male) |
| 22:18 | Create | Villager (Male) |
| 22:18 | Create | Villager (Male) |
| 22:33 | Build | Palisade Wall |
| 22:53 | Research | Castle Age |
| 22:54 | Research | Castle Age |
| 23:34 | Build | Dock |
| 25:24 | Build | Farm |
| 25:46 | Age | Castle Age |
| 25:49 | Create | Villager (Male) |
| 25:49 | Create | Villager (Male) |
| 25:57 | Build | Town Center |
| 26:07 | Build | Town Center |
| 26:26 | Research | Wheelbarrow |
| 26:26 | Research | Wheelbarrow |
| 26:26 | Research | Bow Saw |
| 26:27 | Research | Bow Saw |
| 26:32 | Build | Monastery |
| 26:41 | Build | House |
| 26:43 | Build | Farm |
Build order — ELEOS | wosm
First 150 of 385 actions detected
| 0:04 | Build | Town Center |
| 0:19 | Build | Dock |
| 1:09 | Build | House |
| 2:11 | Build | House |
| 2:33 | Create | Villager (Male) |
| 2:33 | Create | Villager (Male) |
| 2:34 | Create | Villager (Male) |
| 2:37 | Research | Loom |
| 2:43 | Create | Villager (Male) |
| 2:44 | Create | Villager (Male) |
| 2:59 | Create | Villager (Male) |
| 3:07 | Create | Villager (Male) |
| 3:11 | Create | Villager (Male) |
| 3:33 | Build | House |
| 3:47 | Create | Villager (Male) |
| 3:53 | Create | Fishing Ship |
| 4:24 | Create | Fishing Ship |
| 4:49 | Create | Villager (Male) |
| 4:54 | Build | House |
| 5:05 | Create | Fishing Ship |
| 5:37 | Build | Dock |
| 5:54 | Create | Villager (Male) |
| 6:00 | Create | Fishing Ship |
| 6:03 | Build | House |
| 6:21 | Create | Villager (Male) |
| 6:25 | Create | Fishing Ship |
| 6:42 | Create | Fishing Ship |
| 6:44 | Create | Villager (Male) |
| 6:48 | Create | Villager (Male) |
| 7:15 | Create | Fishing Ship |
| 7:29 | Create | Villager (Male) |
| 7:30 | Create | Fishing Ship |
| 7:35 | Build | House |
| 7:44 | Create | Villager (Male) |
| 7:50 | Create | Fishing Ship |
| 8:08 | Create | Villager (Male) |
| 8:11 | Create | Fishing Ship |
| 8:23 | Build | House |
| 8:31 | Create | Villager (Male) |
| 8:34 | Build | House |
| 8:45 | Create | Villager (Male) |
| 8:49 | Create | Fishing Ship |
| 8:56 | Build | Lumber Camp |
| 8:57 | Create | Villager (Male) |
| 9:26 | Build | Mining Camp |
| 9:26 | Research | Feudal Age |
| 10:01 | Build | Mining Camp |
| 10:17 | Build | House |
| 10:19 | Build | House |
| 10:21 | Build | Palisade Wall |
| 11:14 | Build | Dock |
| 11:19 | Create | Villager (Male) |
| 11:36 | Age | Feudal Age |
| 11:37 | Create | Unit 2626 |
| 11:38 | Create | Unit 2626 |
| 11:42 | Research | Double-Bit Axe |
| 11:43 | Create | Villager (Male) |
| 12:00 | Create | Villager (Male) |
| 12:03 | Create | Unit 2626 |
| 12:03 | Create | Unit 2626 |
| 12:11 | Build | House |
| 12:11 | Create | Villager (Male) |
| 12:26 | Create | Unit 2626 |
| 12:38 | Create | Villager (Male) |
| 12:40 | Create | Fishing Ship |
| 12:44 | Create | Unit 2626 |
| 12:44 | Create | Unit 2626 |
| 12:48 | Create | Villager (Male) |
| 12:59 | Create | Unit 2626 |
| 13:00 | Create | Villager (Male) |
| 13:13 | Create | Villager (Male) |
| 13:17 | Create | Villager (Male) |
| 13:18 | Create | Unit 2626 |
| 13:19 | Create | Unit 2626 |
| 13:33 | Create | Villager (Male) |
| 13:34 | Create | Unit 2626 |
| 13:53 | Create | Villager (Male) |
| 14:01 | Build | Stone Wall |
| 14:04 | Build | Mill |
| 14:16 | Create | Unit 2626 |
| 14:16 | Create | Unit 2626 |
| 14:24 | Create | Villager (Male) |
| 14:27 | Build | House |
| 14:43 | Create | Villager (Male) |
| 14:58 | Build | Market |
| 15:15 | Create | Villager (Male) |
| 15:20 | Create | Unit 2626 |
| 15:28 | Create | Villager (Male) |
| 15:53 | Build | Blacksmith |
| 16:21 | Research | Castle Age |
| 16:37 | Create | Unit 2626 |
| 16:38 | Create | Unit 2626 |
| 16:38 | Create | Unit 2626 |
| 17:00 | Create | Unit 2626 |
| 17:00 | Create | Unit 2626 |
| 17:32 | Create | Unit 2626 |
| 17:33 | Create | Unit 2626 |
| 17:47 | Create | Unit 2626 |
| 17:47 | Create | Unit 2626 |
| 18:37 | Create | Villager (Male) |
| 18:48 | Build | House |
| 19:01 | Age | Castle Age |
| 19:03 | Build | Mining Camp |
| 19:12 | Create | Villager (Male) |
| 19:18 | Build | Castle |
| 19:21 | Research | Scale Barding Armor |
| 19:30 | Research | Bow Saw |
| 19:33 | Build | Town Center |
| 19:45 | Research | War Galley (upgrade) |
| 19:46 | Create | Villager (Male) |
| 19:53 | Create | Villager (Male) |
| 20:16 | Build | Mining Camp |
| 20:42 | Create | Villager (Male) |
| 20:43 | Create | Villager (Male) |
| 20:47 | Create | Villager (Male) |
| 20:50 | Create | Boyar |
| 20:51 | Create | Boyar |
| 20:58 | Create | Villager (Male) |
| 20:58 | Create | Villager (Male) |
| 21:13 | Create | Villager (Male) |
| 21:15 | Create | Unit 2626 |
| 21:15 | Create | Unit 2626 |
| 21:15 | Create | Unit 2626 |
| 21:37 | Create | Boyar |
| 21:44 | Create | Villager (Male) |
| 21:46 | Create | Unit 2626 |
| 21:46 | Create | Unit 2626 |
| 21:52 | Create | Villager (Male) |
| 21:52 | Create | Villager (Male) |
| 21:53 | Build | Farm |
| 21:53 | Build | Farm |
| 21:53 | Build | Farm |
| 21:54 | Build | Farm |
| 21:54 | Build | Farm |
| 22:01 | Create | Villager (Male) |
| 22:16 | Create | Villager (Male) |
| 22:16 | Create | Villager (Male) |
| 22:16 | Create | Villager (Male) |
| 22:26 | Build | Farm |
| 22:27 | Build | Farm |
| 22:27 | Build | Farm |
| 22:27 | Build | Farm |
| 22:27 | Build | Farm |
| 22:41 | Create | Unit 2626 |
| 22:41 | Create | Unit 2626 |
| 22:42 | Create | Villager (Male) |
| 22:44 | Build | Farm |
| 23:06 | Create | Villager (Male) |
| 23:09 | Create | Unit 2626 |
| 23:09 | Create | Unit 2626 |
Build order — Oni.Nego
First 150 of 440 actions detected
| 0:52 | Build | Town Center |
| 2:08 | Build | House |
| 2:09 | Build | House |
| 2:12 | Build | House |
| 2:23 | Research | Loom |
| 2:24 | Create | Villager (Male) |
| 2:25 | Create | Villager (Male) |
| 2:25 | Create | Villager (Male) |
| 2:25 | Create | Villager (Male) |
| 2:25 | Create | Villager (Male) |
| 2:26 | Create | Villager (Male) |
| 4:18 | Create | Villager (Male) |
| 4:39 | Build | Palisade Wall |
| 4:43 | Build | Palisade Wall |
| 4:55 | Create | Villager (Male) |
| 4:55 | Create | Villager (Male) |
| 4:56 | Create | Villager (Male) |
| 5:00 | Build | Dock |
| 5:14 | Create | Villager (Male) |
| 5:14 | Create | Villager (Male) |
| 5:30 | Create | Villager (Male) |
| 5:31 | Create | Villager (Male) |
| 5:31 | Create | Villager (Male) |
| 5:45 | Build | House |
| 5:47 | Create | Fishing Ship |
| 5:48 | Create | Fishing Ship |
| 5:53 | Create | Villager (Male) |
| 5:53 | Create | Villager (Male) |
| 5:54 | Create | Villager (Male) |
| 6:32 | Create | Fishing Ship |
| 6:33 | Create | Villager (Male) |
| 6:35 | Build | House |
| 6:43 | Build | House |
| 6:55 | Build | House |
| 7:01 | Create | Villager (Male) |
| 7:01 | Create | Villager (Male) |
| 7:08 | Build | House |
| 7:13 | Create | Fishing Ship |
| 7:28 | Create | Fishing Ship |
| 8:16 | Build | House |
| 8:16 | Build | House |
| 8:24 | Create | Villager (Male) |
| 8:27 | Create | Villager (Male) |
| 8:35 | Build | House |
| 8:48 | Build | Palisade Wall |
| 8:54 | Build | Palisade Wall |
| 9:00 | Build | Palisade Wall |
| 9:18 | Create | Villager (Male) |
| 9:30 | Build | Lumber Camp |
| 9:33 | Create | Villager (Male) |
| 9:38 | Build | Mining Camp |
| 9:56 | Research | Feudal Age |
| 10:24 | Create | Villager (Male) |
| 10:47 | Build | House |
| 10:49 | Build | House |
| 11:11 | Create | Villager (Male) |
| 11:28 | Build | Lumber Camp |
| 11:54 | Create | Villager (Male) |
| 11:54 | Create | Villager (Male) |
| 12:05 | Build | Palisade Wall |
| 12:16 | Build | House |
| 12:18 | Age | Feudal Age |
| 12:22 | Create | Villager (Male) |
| 12:22 | Create | Villager (Male) |
| 12:31 | Build | House |
| 12:38 | Build | Blacksmith |
| 12:46 | Build | Mill |
| 13:09 | Build | Market |
| 13:13 | Build | House |
| 13:51 | Build | Palisade Wall |
| 13:53 | Build | Palisade Wall |
| 13:54 | Research | Castle Age |
| 14:00 | Build | Mining Camp |
| 14:04 | Build | Palisade Wall |
| 14:11 | Build | Palisade Wall |
| 14:31 | Research | Double-Bit Axe |
| 14:31 | Research | Horse Collar |
| 14:31 | Research | Horse Collar |
| 14:41 | Research | Stone Mining |
| 14:55 | Build | Palisade Gate |
| 15:09 | Research | Gold Mining |
| 15:41 | Build | House |
| 15:55 | Research | Wheelbarrow |
| 16:12 | Build | House |
| 16:38 | Age | Castle Age |
| 16:42 | Build | Town Center |
| 16:52 | Research | Bow Saw |
| 17:45 | Build | Town Center |
| 17:47 | Create | Villager (Male) |
| 17:47 | Create | Villager (Male) |
| 17:53 | Research | Gold Shaft Mining |
| 17:54 | Create | Villager (Male) |
| 17:54 | Create | Villager (Male) |
| 17:54 | Create | Villager (Male) |
| 18:06 | Build | Farm |
| 18:18 | Research | Heavy Plow |
| 18:18 | Research | Heavy Plow |
| 18:20 | Create | Villager (Male) |
| 18:28 | Build | Palisade Gate |
| 18:56 | Build | Castle |
| 18:56 | Create | Villager (Male) |
| 19:04 | Create | Villager (Male) |
| 19:05 | Create | Villager (Male) |
| 19:06 | Create | Villager (Male) |
| 19:08 | Build | Farm |
| 19:09 | Build | Farm |
| 19:10 | Build | Farm |
| 19:11 | Create | Villager (Male) |
| 19:12 | Create | Villager (Male) |
| 19:13 | Build | House |
| 19:14 | Build | House |
| 19:17 | Build | House |
| 19:29 | Build | Farm |
| 19:30 | Build | Farm |
| 19:32 | Build | Farm |
| 19:32 | Build | Farm |
| 19:54 | Build | Farm |
| 19:55 | Build | Farm |
| 19:55 | Create | Villager (Male) |
| 20:06 | Create | Unit 1949 |
| 20:07 | Create | Unit 1949 |
| 20:07 | Create | Unit 1949 |
| 20:20 | Create | Villager (Male) |
| 20:20 | Create | Villager (Male) |
| 20:44 | Create | Villager (Male) |
| 20:45 | Create | Unit 1949 |
| 20:46 | Create | Unit 1949 |
| 20:50 | Create | Villager (Male) |
| 20:50 | Create | Villager (Male) |
| 20:52 | Build | Farm |
| 20:52 | Build | Farm |
| 20:53 | Build | Farm |
| 20:54 | Build | Farm |
| 21:04 | Create | Villager (Male) |
| 21:32 | Create | Unit 1949 |
| 21:32 | Create | Unit 1949 |
| 21:42 | Build | Town Center |
| 21:43 | Create | Villager (Male) |
| 21:44 | Create | Unit 1949 |
| 21:49 | Create | Villager (Male) |
| 21:49 | Create | Villager (Male) |
| 21:49 | Create | Villager (Male) |
| 21:50 | Create | Villager (Male) |
| 21:50 | Create | Villager (Male) |
| 22:14 | Research | Scale Barding Armor |
| 22:15 | Create | Unit 1949 |
| 22:15 | Create | Unit 1949 |
| 22:18 | Create | Unit 1949 |
| 22:18 | Create | Unit 1949 |
| 22:22 | Create | Villager (Male) |
Match timeline
| 0:19 | ELEOS | wosm · first_building Dock |
| 0:23 | Oni.JorDan_AoE · first_building Dock |
| 1:11 | Zni.Locuss · first_building Dock |
| 1:14 | WackieChan_ · first_building Dock |
| 1:15 | Tiramis31 · first_building Dock |
| 2:48 | lllll · first_building Dock |
| 2:52 | Oni.TheViper · first_building Dock |
| 3:36 | lllll · wall_segment Palisade Wall x1 |
| 3:41 | Oni.JorDan_AoE · wall_segment Palisade Wall x1 |
| 3:46 | lllll · wall_segment Palisade Wall x1 |
| 3:54 | Oni.JorDan_AoE · wall_segment Palisade Wall x1 |
| 3:59 | lllll · wall_segment Palisade Wall x1 |
| 4:03 | lllll · wall_segment Palisade Wall x1 |
| 4:39 | Oni.Nego · wall_segment Palisade Wall x1 |
| 4:43 | Oni.Nego · wall_segment Palisade Wall x1 |
| 5:00 | Oni.Nego · first_building Dock |
| 8:48 | Oni.Nego · wall_segment Palisade Wall x1 |
| 8:54 | Oni.Nego · wall_segment Palisade Wall x1 |
| 9:00 | Oni.Nego · wall_segment Palisade Wall x1 |
| 9:50 | Oni.JorDan_AoE · age_up feudal |
| 10:21 | ELEOS | wosm · wall_segment Palisade Wall x4 |
| 10:22 | Oni.TheViper · age_up feudal |
| 10:56 | Tiramis31 · age_up feudal |
| 11:10 | Zni.Locuss · age_up feudal |
| 11:35 | lllll · age_up feudal |
| 11:36 | ELEOS | wosm · age_up feudal |
| 12:00 | Oni.JorDan_AoE · first_market_sell 100 stone |
| 12:05 | Oni.Nego · wall_segment Palisade Wall x1 |
| 12:18 | Oni.Nego · age_up feudal |
| 12:19 | lllll · wall_segment Palisade Wall x1 |
| 12:21 | Oni.TheViper · wall_segment Palisade Wall x1 |
| 12:22 | Oni.TheViper · wall_segment Palisade Wall x1 |
| 12:24 | lllll · wall_segment Palisade Wall x1 |
| 12:26 | WackieChan_ · age_up feudal |
| 12:40 | Oni.TheViper · wall_segment Palisade Wall x1 |
| 12:59 | Tiramis31 · first_market_sell 100 food |
| 13:00 | Tiramis31 · first_market_buy 100 wood |
| 13:28 | Zni.Locuss · wall_segment Palisade Wall x3 |
| 13:33 | Zni.Locuss · wall_segment Palisade Wall x1 |
| 13:36 | Zni.Locuss · wall_segment Palisade Wall x1 |
| 13:51 | Oni.Nego · wall_segment Palisade Wall x6 |
| 13:53 | Oni.Nego · wall_segment Palisade Wall x8 |
| 14:01 | ELEOS | wosm · wall_segment Stone Wall x1 |
| 14:04 | Oni.Nego · wall_segment Palisade Wall x6 |
| 14:11 | Oni.Nego · wall_segment Palisade Wall x7 |
| 14:28 | WackieChan_ · wall_segment Palisade Wall x1 |
| 14:29 | WackieChan_ · wall_segment Palisade Wall x1 |
| 14:36 | WackieChan_ · wall_segment Palisade Wall x1 |
| 14:37 | WackieChan_ · wall_segment Palisade Wall x1 |
| 14:38 | WackieChan_ · wall_segment Palisade Wall x1 |
| 15:09 | Zni.Locuss · age_up castle |
| 15:11 | Zni.Locuss · first_building Krepost |
| 15:15 | Zni.Locuss · wall_segment Palisade Wall x1 |
| 15:25 | lllll · age_up castle |
| 15:26 | Tiramis31 · age_up castle |
| 15:26 | lllll · first_building Siege Workshop |
| 15:29 | lllll · first_building Monastery |
| 15:31 | WackieChan_ · wall_segment Palisade Wall x1 |
| 15:47 | Oni.JorDan_AoE · first_market_buy 100 stone |
| 15:49 | WackieChan_ · wall_segment Palisade Wall x1 |
| 15:51 | Oni.JorDan_AoE · age_up castle |
| 15:54 | WackieChan_ · wall_segment Palisade Wall x1 |
| 15:56 | WackieChan_ · wall_segment Palisade Wall x1 |
| 15:56 | Oni.TheViper · wall_segment Palisade Wall x1 |
| 15:57 | Oni.TheViper · wall_segment Palisade Wall x1 |
| 15:58 | Oni.TheViper · wall_segment Palisade Wall x1 |
| 16:03 | Zni.Locuss · first_building Monastery |
| 16:04 | WackieChan_ · wall_segment Palisade Wall x1 |
| 16:06 | Oni.JorDan_AoE · first_building Castle |
| 16:09 | Tiramis31 · first_building Castle |
| 16:38 | Oni.Nego · age_up castle |
| 16:49 | Oni.Nego · first_market_buy 100 stone |
| 17:50 | Oni.Nego · first_market_sell 100 food |
| 18:51 | Oni.TheViper · age_up castle |
| 18:56 | Oni.Nego · first_building Castle |
| 19:01 | ELEOS | wosm · age_up castle |
| 19:03 | Oni.JorDan_AoE · wall_segment Palisade Wall x1 |
| 19:03 | Oni.JorDan_AoE · wall_segment Palisade Wall x1 |
| 19:05 | Oni.JorDan_AoE · wall_segment Palisade Wall x1 |
| 19:18 | Oni.JorDan_AoE · wall_segment Palisade Wall x1 |
| 19:18 | ELEOS | wosm · first_building Castle |
| 19:39 | ELEOS | wosm · first_market_sell 100 wood |
| 20:35 | WackieChan_ · wall_segment Palisade Wall x13 |
| 20:43 | lllll · first_market_buy 100 stone |
| 21:05 | WackieChan_ · wall_segment Palisade Wall x5 |
| 21:15 | Oni.TheViper · first_market_sell 100 wood |
| 21:16 | Oni.TheViper · first_market_buy 100 stone |
| 21:34 | Zni.Locuss · first_market_sell 100 wood |
| 22:24 | Oni.JorDan_AoE · wall_segment Palisade Wall x1 |
| 22:33 | WackieChan_ · wall_segment Palisade Wall x1 |
| 22:44 | WackieChan_ · first_market_sell 500 wood |
| 22:46 | WackieChan_ · first_market_buy 100 food |
| 23:55 | Tiramis31 · first_building Monastery |
| 24:17 | Oni.JorDan_AoE · first_building Siege Workshop |
| 25:09 | ELEOS | wosm · first_market_buy 100 wood |
| 25:34 | lllll · first_building Castle |
| 25:46 | WackieChan_ · age_up castle |
| 25:47 | Oni.JorDan_AoE · first_building Monastery |
| 26:32 | WackieChan_ · first_building Monastery |
| 26:44 | ELEOS | wosm · wall_segment Stone Wall x1 |
| 27:01 | lllll · first_market_sell 100 wood |
| 28:18 | WackieChan_ · wall_segment Palisade Wall x1 |
| 28:51 | Oni.JorDan_AoE · wall_segment Palisade Wall x1 |
| 29:27 | ELEOS | wosm · first_building Monastery |
| 29:41 | Tiramis31 · first_building Barracks |
| 30:14 | WackieChan_ · first_building Castle |
| 30:18 | Oni.Nego · first_building Barracks |
| 30:52 | Oni.Nego · first_building Archery Range |
| 30:52 | Zni.Locuss · first_building Siege Workshop |
| 30:54 | Oni.TheViper · first_building Castle |
| 30:55 | lllll · age_up imperial |
| 31:19 | Zni.Locuss · wall_segment Stone Wall x1 |
| 32:21 | lllll · first_building Barracks |
| 32:35 | Oni.Nego · age_up imperial |
| 32:48 | ELEOS | wosm · first_building Barracks |
| 33:22 | ELEOS | wosm · wall_segment Stone Wall x10 |
| 33:28 | ELEOS | wosm · wall_segment Palisade Wall x4 |
| 33:33 | ELEOS | wosm · first_building Stable |
| 34:01 | lllll · first_building Archery Range |
| 34:07 | Oni.JorDan_AoE · first_building Barracks |
| 34:08 | Oni.Nego · first_building Siege Workshop |
| 34:16 | Zni.Locuss · first_building Barracks |
| 35:24 | Oni.JorDan_AoE · first_building Stable |
| 35:28 | Tiramis31 · first_building Siege Workshop |
| 35:34 | ELEOS | wosm · age_up imperial |
| 36:02 | Zni.Locuss · first_building Stable |
| 36:02 | Zni.Locuss · age_up imperial |
| 36:14 | Oni.Nego · first_building Stable |
| 36:59 | lllll · wall_segment Stone Wall x33 |
| 37:00 | Oni.TheViper · resign |
[ AI ANALYSIS · 1 CREDIT ]
What really happened in this match?
Wolo.gg analyzes every decision: build order, eco, micro, common mistakes by bracket. Personalized analysis on WhatsApp or Discord in 30 seconds.
Civ guide
Italians
Perfil
Jugador #196240